 Dungeon Sprint DCSS version 0.20-a0-1000-g0e8f6bb (webtiles) character file.

29582 HollowOne the Barachian Blade (level 13, -7/190 HPs)
             Began as a Barachi Berserker on Apr 12, 2017.
             Was a High Priest of Trog.
             Mangled by an entropy weaver (13 damage)
             ... in the Dungeon (Sprint IX: "|||||||||||||||||||||||||||||").
             The game lasted 00:10:15 (4095 turns).

HollowOne the Barachian Blade (Barachi Berserker)   Turns: 4095, Time: 00:10:15

Health: -7/190     AC: -8    Str: 23    XL:     13   Next: 46%
Magic:  8/13       EV: 18    Int:  8    God:    Trog [*****.]
Gold:   1063       SH:  0    Dex: 20    Spells: 12/12 levels left

rFire    . . .     SeeInvis .   n - +2 scimitar (flame)
rCold    . . .     Gourm    .   (no shield)
rNeg     . . .     Faith    .   I - +0 shadow dragon scales
rPois    .         Spirit   .   u - +0 helmet
rElec    .         Reflect  .   F - +1 cloak
rCorr    .         Harm     .   H - +2 pair of gloves {archery}
MR       .....     NoTele   +   (no boots)
Stlth    ..........             (no amulet)
Regen    0.5/turn               s - +2 ring of evasion
MPRegen  0.2/turn               q - +3 ring of dexterity

@: berserking (expiring), corroded, quick
A: +LOS, swims, slowness 1, strong legs 2
a: Hop, Berserk, Trog's Hand, Brothers in Arms, Burn Spellbooks, Renounce
Religion


You were in the Dungeon.
You worshipped Trog.
Trog was extremely pleased with you.
You were not hungry.

You visited 1 branch You collected 1900 gold pieces.
You spent 837 gold pieces at shops.

Inventory:

Hand Weapons
 n - a +2 scimitar of flaming (weapon)
 p - a +2 antimagic long sword
 C - a +2 great sword of freezing
 E - a +4 long sword of holy wrath
Missiles
 x - 11 curare-tipped needles
 G - 4 javelins of penetration (quivered)
Armour
 o - a +0 shield
 u - a +0 helmet (worn)
 B - the +5 robe of Night {Dark MR+ SInv}
   (You bought it in a shop in the Dungeon)

   It affects your resistance to hostile enchantments.
   It lets you see invisible.
 F - a +1 cloak (worn)
 H - a +2 pair of gloves of archery (worn)
 I - +0 shadow dragon scales (worn)
Jewellery
 q - a +3 ring of dexterity (right hand)
 s - a +2 ring of evasion (left hand)
 v - a +6 ring of protection
 w - an uncursed ring of protection from magic
 D - an uncursed ring of protection from magic
Wands
 m - a wand of lightning (7/15)
Scrolls
 i - a scroll of blinking
 j - 2 scrolls of recharging
 l - 5 scrolls of remove curse
 t - a scroll of fear
 y - a scroll of enchant armour
 L - 2 scrolls of identify
 M - 3 scrolls of fog
Potions
 a - 3 potions of mutation
 b - a potion of resistance
 d - 9 potions of curing
 e - 3 potions of heal wounds
 f - a potion of haste
 g - 4 potions of magic
 h - 2 potions of berserk rage
 k - a potion of invisibility
 J - a potion of brilliance
 K - a potion of might
Comestibles
 c - 8 bread rations
 z - 40 fruits
 A - 12 meat rations


   Skills:
 + Level 19.7 Fighting
 * Level 23.4 Long Blades
 - Level 13.7 Throwing
 + Level 13.3 Armour
 + Level 11.0 Dodging
 - Level 7.2 Stealth
 * Level 5.3 Shields


You had 12 spell levels left.
You didn't know any spells.

Dungeon Overview and Level Annotations

Branches:
Dungeon (1/1)

Altars:
Cheibriados
Dithmenos
Elyvilon
Fedhas
Gozag
Hepliaklqana
Kikubaaqudgha
Makhleb
Nemelex Xobeh
Okawaru
Qazlal
Ru
Sif Muna
Trog
Uskayaw
Vehumet
Wu Jian
Xom
Yredelemnul
Zin
The Shining One
Beogh
Jiyva
Lugonu

Shops:
D =[(*


Innate Abilities, Weirdness & Mutations

Shadows flee at your approach. (+LOS)
You can swim through water.
You cover ground slowly.
You can hop longer distances.


Message History

The entropy weaver hits you!
* * * LOW HITPOINT WARNING * * *
The entropy weaver hits you.
* * * LOW HITPOINT WARNING * * *
The entropy weaver hits you.
* * * LOW HITPOINT WARNING * * *
The entropy weaver hits you!
* * * LOW HITPOINT WARNING * * *
You hit the entropy weaver but do no damage.
The entropy weaver is heavily wounded.
You barely miss the entropy weaver.
The entropy weaver is heavily wounded.
The entropy weaver casts a spell.
The entropic weave corrodes you!
You barely miss the entropy weaver.
The entropy weaver is heavily wounded.
You hit the entropy weaver. You burn the entropy weaver.
The entropy weaver is severely wounded.
The entropy weaver hits you!
You die...

♣.♣.▓.▓.▓)▓.▓.▓.▓_
♣.♣.▓[▓.▓)▓.▓÷▓.▓_
♣.♣.▓.▓.▓)▓.▓.▓.▓_
♣.♣.▓.▓.▓)▓.▓.▓.▓_
♣.♣.▓.▓.▓(▓.▓.▓.▓_
▓(▓.▓.▓.▓(▓.▓.▓.▓_
▓†▓.▓.▓.▓)▓.▓.▓.▓_
▓.▓.▓(▓.▓(▓.▓(▓.▓_
▓@▓.▓.▓.▓(▓.▓÷▓.▓_
▓a▓.▓(▓.▓)▓.▓÷▓.▓_
▓s▓.▓.▓.▓(▓.▓.▓.▓_
▓s▓.▓)▓.▓(▓.▓'▓.▓'
▓s▓.▓(▓.▓)▓.▓.▓.▓.
▓s▓.▓)▓.▓)▓.▓.▓.▓?
▓.▓.▓)▓.▓.▓.▓.▓.▓(
▓+▓.▓.▓.▓)▓.▓.▓.▓)
▓.▓.▓.▓∩▓.▓.▓.▓.


You could see an entropy weaver, 2 wolf spiders and 2 orb spiders.

Vanquished Creatures
  A fire giant (D)
  An entropy weaver (D)
  A stone giant (D)
  A dire elephant (D)
  A naga warrior (D)
  3 hydras (D)
  Harold (D)
  An anaconda (D)
  A centaur warrior (D)
  Erica (D)
  A vampire mage (D)
  A tengu warrior (D)
  2 spriggan druids (D)
  A harpy (shapeshifter) (D)
  6 orc knights (D)
  An orc sorcerer (D)
  An orb spider (D)
  A moth of wrath (D)
  3 black mambas (D)
  2 elephants (D)
  A guardian serpent (D)
  A komodo dragon (D)
  A jumping spider (D)
  A tyrant leech (D)
  A tarantella (D)
  A yak (D)
  2 basilisks (D)
  A vampire (D)
  A vampire mosquito (D)
  A water moccasin (D)
  2 ice beasts (D)
  A swamp drake (D)
  12 orc warriors (D)
  A black bear (D)
  2 ogres (D)
  A boggart (D)
  2 centaurs (D)
  2 crocodiles (D)
  3 bullfrogs (D)
  A killer bee (D)
  A wight (D)
  4 orc priests (D)
  A worker ant (D)
  3 orc wizards (D)
  A worm (D)
  A dart slug (D)
  A leopard gecko (D)
  7 orcs (D)
  A bat zombie (D)
  2 bats (D)
  2 rats (D)
93 creatures vanquished.

Vanquished Creatures (collateral kills)
  A fire giant (D)
  A very ugly thing (D)
  A dire elephant (D)
  2 hydras (D)
  A naga warrior (D)
  2 two-headed ogres (D)
  A tengu warrior (D)
  3 orc knights (D)
  4 elephants (D)
  2 black mambas (D)
  A rime drake (D)
  2 spiny frogs (D)
  A komodo dragon (D)
  A hippogriff (D)
  A yak (D)
  A porcupine (D)
  4 orc warriors (D)
  An eye of draining (D)
  A crocodile (D)
  2 orc priests (D)
33 creatures vanquished.

Grand Total: 126 creatures vanquished

Notes
Turn   | Place    | Note
-------+----------+-------------------------------------------
     0 | D        | HollowOne the Barachi Berserker began the quest for the Orb.
     0 | D        | Reached XP level 1. HP: 18/18 MP: 1/1
     6 | D        | Reached skill level 4 in Long Blades
    13 | D        | Reached ** piety under Trog
    13 | D        | Reached skill level 5 in Long Blades
    23 | D        | Noticed a centaur
    23 | D        | Noticed an ogre
    23 | D        | Noticed a worker ant
    25 | D        | Reached XP level 2. HP: 20/24 MP: 2/2
    28 | D        | Reached *** piety under Trog
    28 | D        | Reached skill level 6 in Long Blades
    31 | D        | Killed a centaur
    31 | D        | Reached skill level 10 in Long Blades
    31 | D        | Reached XP level 3. HP: 24/29 MP: 3/3
    31 | D        | Reached XP level 4. HP: 30/36 MP: 4/4
    36 | D        | Killed an ogre
    36 | D        | Reached skill level 12 in Long Blades
    36 | D        | Reached XP level 5. HP: 35/41 MP: 5/5
    42 | D        | Reached skill level 13 in Long Blades
   103 | D        | Found a roughly hewn altar of Beogh.
   103 | D        | Found a snail-covered altar of Cheibriados.
   103 | D        | Found a shadowy altar of Dithmenos.
   103 | D        | Found a white marble altar of Elyvilon.
   103 | D        | Found a blossoming altar of Fedhas.
   103 | D        | Found an opulent altar of Gozag.
   103 | D        | Found a hazy altar of Hepliaklqana.
   106 | D        | Found a viscous altar of Jiyva.
   107 | D        | Found an ancient bone altar of Kikubaaqudgha.
   108 | D        | Found a corrupted altar of Lugonu.
   109 | D        | Found a burning altar of Makhleb.
   110 | D        | Found a sparkling altar of Nemelex Xobeh.
   111 | D        | Found an iron altar of Okawaru.
   112 | D        | Found a stormy altar of Qazlal.
   113 | D        | Found a sacrificial altar of Ru.
   114 | D        | Found a deep blue altar of Sif Muna.
   115 | D        | Found a bloodstained altar of Trog.
   116 | D        | Found a hide-covered altar of Uskayaw.
   117 | D        | Found a radiant altar of Vehumet.
   118 | D        | Found an ornate altar of the Wu Jian Council.
   119 | D        | Found a shimmering altar of Xom.
   120 | D        | Found a basalt altar of Yredelemnul.
   121 | D        | Found a glowing silver altar of Zin.
   122 | D        | Found a glowing golden altar of the Shining One.
   197 | D        | Noticed an ice beast
   197 | D        | Noticed a centaur
   200 | D        | Reached **** piety under Trog
   204 | D        | Killed an ice beast
   204 | D        | Reached skill level 5 in Fighting
   204 | D        | Reached skill level 14 in Long Blades
   204 | D        | Reached XP level 6. HP: 51/51 MP: 6/6
   216 | D        | Reached ***** piety under Trog
   216 | D        | Reached XP level 7. HP: 59/59 MP: 7/7
   278 | D        | Noticed a tengu warrior
   286 | D        | Reached skill level 15 in Long Blades
   292 | D        | Reached skill level 5 in Throwing
   297 | D        | Killed a tengu warrior
   297 | D        | Received a gift from Trog
   297 | D        | Reached skill level 16 in Long Blades
   297 | D        | Reached skill level 5 in Armour
   297 | D        | Reached skill level 5 in Dodging
   297 | D        | Reached XP level 8. HP: 63/72 MP: 8/8
   568 | D        | Noticed a yak
   568 | D        | Noticed a komodo dragon
   571 | D        | Reached skill level 10 in Fighting
   572 | D        | Noticed a hippogriff
   573 | D        | Noticed a spiny frog
   580 | D        | Killed a yak
   580 | D        | Reached XP level 9. HP: 67/79 MP: 9/9
   586 | D        | HP: 5/118 [komodo dragon (21)]
   587 | D        | Killed a komodo dragon
   587 | D        | Reached skill level 17 in Long Blades
   592 | D        | Received a gift from Trog
   597 | D        | HP: 4/121 [water moccasin (2)]
   603 | D        | Received a gift from Trog
   605 | D        | Killed a spiny frog
   936 | D        | Noticed a komodo dragon
   936 | D        | Noticed a spiny frog
   942 | D        | Noticed a rime drake
   963 | D        | Killed a komodo dragon
   963 | D        | Reached skill level 18 in Long Blades
   972 | D        | Killed a spiny frog
   973 | D        | Killed a rime drake
   973 | D        | Reached XP level 10. HP: 28/90 MP: 10/10
   974 | D        | Received a gift from Trog
  1206 | D        | Noticed an elephant
  1206 | D        | Noticed an elephant
  1206 | D        | Noticed a dire elephant
  1206 | D        | Noticed an elephant
  1206 | D        | Noticed an elephant
  1206 | D        | Noticed a dire elephant
  1206 | D        | Noticed an elephant
  1214 | D        | Killed an elephant
  1219 | D        | Killed a dire elephant
  1219 | D        | Reached skill level 19 in Long Blades
  1225 | D        | Killed an elephant
  1225 | D        | Received a gift from Trog
  1232 | D        | Killed a dire elephant
  1232 | D        | Received a gift from Trog
  1232 | D        | Reached skill level 10 in Throwing
  1233 | D        | Killed an elephant
  1235 | D        | Killed an elephant
  1238 | D        | Killed an elephant
  1243 | D        | Noticed an elephant
  1245 | D        | Killed an elephant
  1245 | D        | Received a gift from Trog
  1478 | D        | Noticed Harold
  1491 | D        | Killed Harold
  1491 | D        | Reached XP level 11. HP: 71/101 MP: 11/11
  1561 | D        | Noticed Erica
  1568 | D        | Killed Erica
  1568 | D        | Received a gift from Trog
  1568 | D        | Reached skill level 15 in Fighting
  1568 | D        | Reached skill level 20 in Long Blades
  1749 | D        | Noticed an orc knight
  1750 | D        | Received a gift from Trog
  1763 | D        | Killed an orc knight
  1763 | D        | Reached skill level 10 in Armour
  1766 | D        | Reached ****** piety under Trog
  1769 | D        | Received a gift from Trog
  1860 | D        | Noticed an orc sorcerer
  1862 | D        | Received a gift from Trog
  1865 | D        | Noticed an orc knight
  1867 | D        | Killed an orc sorcerer
  1867 | D        | Received a gift from Trog
  1867 | D        | Received a gift from Trog
  1884 | D        | Killed an orc knight
  1891 | D        | Received a gift from Trog
  2193 | D        | Found Tuohok's Jewellery Emporium.
  2193 | D        | Noticed an orc knight
  2193 | D        | Noticed an orc knight
  2193 | D        | Noticed an orc knight
  2193 | D        | Noticed an orc knight
  2202 | D        | Killed an orc knight
  2203 | D        | Found Ynaaguck's Armour Shoppe.
  2203 | D        | Noticed an orc knight
  2213 | D        | Killed an orc knight
  2220 | D        | Killed an orc knight
  2220 | D        | Reached skill level 21 in Long Blades
  2229 | D        | HP: 2/104 [orc knight/bolt (6)]
  2231 | D        | Killed an orc knight
  2231 | D        | Received a gift from Trog
  2233 | D        | Noticed an orc knight
  2242 | D        | Killed an orc knight
  2243 | D        | Killed an orc knight
  2281 | D        | Found Yrutiuh's Antique Weapon Emporium.
  2291 | D        | Found Voraggeups's General Store.
  2551 | D        | Received a gift from Trog
  2586 | D        | Bought the +5 robe of Night {Dark MR+ SInv} for 720 gold pieces
  2590 | D        | Bought a potion of curing for 39 gold pieces
  2590 | D        | Bought 2 potions of curing for 78 gold pieces
  2833 | D        | Noticed an orc knight
  2833 | D        | Noticed a centaur warrior
  2833 | D        | Noticed a harpy
  2838 | D        | Noticed a two-headed ogre
  2842 | D        | Received a gift from Trog
  2846 | D        | Noticed a two-headed ogre
  2848 | D        | Killed an orc knight
  2848 | D        | Reached skill level 1 in Stealth
  2848 | D        | Reached XP level 12. HP: 113/113 MP: 12/12
  2853 | D        | Killed a centaur warrior
  2856 | D        | Received a gift from Trog
  2857 | D        | Noticed a tengu warrior
  2864 | D        | Killed a two-headed ogre
  2864 | D        | Killed a two-headed ogre
  2864 | D        | Received a gift from Trog
  2866 | D        | Noticed a white very ugly thing
  2866 | D        | Killed a tengu warrior
  2866 | D        | Received a gift from Trog
  2871 | D        | Killed a white very ugly thing
  2875 | D        | Noticed a fire giant
  2876 | D        | Killed a fire giant
  2876 | D        | Received a gift from Trog
  3064 | D        | Noticed a fire giant
  3065 | D        | Noticed a vampire mage
  3067 | D        | Noticed a stone giant
  3074 | D        | Killed a fire giant
  3074 | D        | Received a gift from Trog
  3074 | D        | Reached skill level 5 in Stealth
  3077 | D        | Killed a vampire mage
  3077 | D        | Received a gift from Trog
  3077 | D        | Reached skill level 22 in Long Blades
  3082 | D        | Killed a stone giant
  3082 | D        | Reached skill level 10 in Dodging
  3239 | D        | Noticed a naga warrior
  3239 | D        | Noticed a naga warrior
  3239 | D        | Noticed an anaconda
  3255 | D        | Killed a naga warrior
  3265 | D        | Killed an anaconda
  3271 | D        | Received a gift from Trog
  3273 | D        | Killed a naga warrior
  3273 | D        | Gained mutation: You can hop longer distances. [Barachi growth]
  3273 | D        | Reached XP level 13. HP: 14/124 MP: 13/13
  3276 | D        | Received a gift from Trog
  3277 | D        | HP: 4/124 [black mamba (6)]
  3282 | D        | Received a gift from Trog
  3673 | D        | Reached skill level 1 in Shields
  3689 | D        | Received a gift from Trog
  3699 | D        | Reached skill level 23 in Long Blades
  3881 | D        | Received a gift from Trog
  4062 | D        | Noticed an entropy weaver
  4062 | D        | Noticed an entropy weaver
  4070 | D        | Killed an entropy weaver
  4070 | D        | Received a gift from Trog
  4082 | D        | Reached skill level 5 in Shields
  4091 | D        | HP: 5/190 [entropy weaver (12)]
  4095 | D        | Mangled by an entropy weaver

Vault maps used:
D:        linesprint

Skill      XL: |  1  2  3  4  5  6  7  8  9 10 11 12 13 |
---------------+----------------------------------------+-----
Long Blades    | 5 10 12 14 16 18 19 21 22 23 | 23.4
Fighting       | 5 6 9 10 12 14 16 18 19 | 19.7
Throwing       | 2 4 6 7 8 10 12 13 | 13.7
Armour         | 3 5 6 7 9 11 12 13 | 13.3
Dodging        | 3 5 6 7 8 10 11 | 11.0
Stealth        | 1 6 7 |  7.2
Shields        | 5 |  5.3

Action                   |  1- 3 |  4- 6 |  7- 9 | 10-12 | 13-15 || total
-------------------------+-------+-------+-------+-------+-------++-------
Melee: Falchion          |    19 |    10 |       |       |       ||    29
       Scimitar          |       |    15 |    61 |   170 |    78 ||   324
Throw: Javelin           |       |       |       |    12 |       ||    12
Invok: Berserk           |     1 |     1 |     3 |     9 |     2 ||    16
       Brothers in Arms  |       |       |     3 |     8 |     2 ||    13
       Trog's Hand       |       |       |     1 |     3 |     2 ||     6
 Abil: Hop               |       |       |     1 |     4 |       ||     5
  Use: Potion            |       |       |       |     1 |     1 ||     2
       Scroll            |       |       |       |     1 |     1 ||     2
 Stab: Distracted        |     1 |       |       |       |     1 ||     2
  Eat: Chunk             |       |       |     4 |     7 |       ||    11
       Bread ration      |       |       |       |     3 |     2 ||     5
Armor: Animal skin       |     3 |       |       |       |       ||     3
       Ring mail         |       |     3 |    12 |     6 |       ||    21
       Robe              |       |       |       |     3 |       ||     3
       Shadow dragon sca |       |       |       |    12 |    39 ||    51
Dodge: Dodged            |    13 |     7 |    21 |    83 |    41 ||   165
       Rpst.: Falchion   |     3 |     2 |       |       |       ||     5
       Scimitar          |       |     1 |     5 |    19 |     5 ||    30
